 Dungeon Crawl Stone Soup version 0.17-a0-1115-g0372368 (webtiles) character file.

26929 HeyJoe the Severer (level 13, -1/123 HPs)
             Began as a Deep Dwarf Berserker on May 22, 2015.
             Was a Believer of Makhleb.
             Slain by a two-headed ogre
             ... wielding a +0 giant club
             ... created by the rage of Trog
              (7 damage)
             ... on level 3 of the Lair of Beasts.
             The game lasted 01:48:03 (13506 turns).

HeyJoe the Severer (Deep Dwarf Berserker)          Turns: 13506, Time: 01:48:03

Health: -1/123     AC: 18    Str: 29    XL:     13   Next: 1%
Magic:  15/15      EV:  9    Int: 13    God:    Makhleb [**....]
Gold:   137        SH:  0    Dex: 12    Spells: 0 memorised, 12 levels left

rFire  + . .     SeeInvis .     a - +6 executioner's axe (flame)
rCold  . . .     Clarity  .     x - +2 chain mail {rF+}
rNeg   . . .     SustAt   .     (no shield)
rPois  +         Gourm    .     j - +2 helmet
rElec  .         Spirit   .     K - +0 cloak
rCorr  .         Warding  .     (no gloves)
rMut   .         Stasis   .     U - +2 pair of boots {Stlth+}
MR     +....                    (no amulet)
Stlth  ..........               M - ring "Coreal" {Wiz Str+4 Int+4}
                                t - ring of poison resistance

@: non-regenerating, somewhat resistant to hostile enchantments, extremely
unstealthy
A: damage resistance, recharge devices, sense surroundings 2, slow healing 3
a: Device Recharging, Minor Destruction, Renounce Religion


You were on level 3 of the Lair of Beasts.
You worshipped Makhleb.
Makhleb was pleased with you.
You were not hungry.

You visited 3 branches of the dungeon, and saw 15 of its levels.
You also visited: Labyrinth, Sewer, Bailey and Volcano.

You collected 1056 gold pieces.
You spent 919 gold pieces at shops.

Inventory:

Hand weapons
 a - a +6 executioner's axe of flaming (weapon)
 k - the +7 hand axe "Tufits" {speed, rPois Int+2 Dex+3}
   (You found it on level 7 of the Dungeon)

   Attacks with this weapon are significantly faster.
   It affects your intelligence (+2).
   It affects your dexterity (+3).
   It protects you from poison.
Armour
 i - a +0 shield
 j - a +2 helmet (worn)
 x - a +2 chain mail of fire resistance (worn)
 K - a +0 cloak (worn)
 U - a +2 pair of boots of stealth (worn)
Jewellery
 g - an uncursed ring of flight
 q - an uncursed ring of positive energy
 t - a ring of poison resistance (left hand)
 A - an uncursed ring of sustain attributes
 G - an uncursed ring of fire
 M - the ring "Coreal" (right hand) {Wiz Str+4 Int+4}
   (You found it in a labyrinth)

   [ring of wizardry]

   It improves your spell success rate.
   It affects your strength (+4).
   It affects your intelligence (+4).
Magical devices
 c - a wand of heal wounds (7)
 f - a wand of paralysis (13)
 h - a wand of confusion (14)
 s - a wand of polymorph (19)
 B - a wand of lightning (1)
 J - a wand of cold (2)
 P - a wand of slowing (18)
 T - a wand of polymorph (6)
 Z - a wand of paralysis (16)
Scrolls
 p - 4 scrolls of remove curse
 u - 2 scrolls of recharging
 y - 4 scrolls of fear
 z - 2 scrolls of teleportation
 E - 9 scrolls of identify
 O - 3 scrolls of blinking
Potions
 e - a potion of resistance
 l - 6 potions of curing
 m - 4 potions of flight
 v - a potion of mutation
 w - 7 potions of heal wounds
 H - 2 potions of cure mutation
 I - 3 potions of haste
Miscellaneous
 L - a fan of gales
 W - a disc of storms
Comestibles
 b - a beef jerky
 d - 11 bread rations
 n - 8 meat rations
 o - 5 chunks of flesh
 r - 3 fruits


   Skills:
 - Level 10.0 Fighting
 + Level 19.2 Axes
 - Level 2.1 Armour
 - Level 2.1 Dodging
 - Level 4.0 Shields
 + Level 3.3 Invocations


You had 12 spell levels left.
You didn't know any spells.

Dungeon Overview and Level Annotations

Branches:
Dungeon (11/15)            Temple (1/1) D:7            Lair (3/8) D:9
 Spider (0/4) Lair:3          Orc (0/4) D:10
  Swamp: Lair:3-6    Shoals: Lair:3-6

Altars:
Ashenzari
Cheibriados
Dithmenos
Elyvilon
Fedhas
Gozag
Kikubaaqudgha
Makhleb
Nemelex Xobeh
Okawaru
Qazlal
Ru
Sif Muna
Trog
Vehumet
Xom
Yredelemnul
Zin
The Shining One

Shops:
D:4 !%[   D:7 !   D:8 *


Innate Abilities, Weirdness & Mutations

You are resistant to damage.
You can recharge devices by infusing magical energy.
You passively map the area around you.
You do not heal naturally.


Message History

The ogre is lightly wounded.
The ogre hits you but does no damage.
You slash the ogre! You burn the ogre.
The ogre is heavily wounded.
You slash the ogre! You burn the ogre.
The ogre is almost dead.
The ogre hits you with a giant spiked club!!
* * * LOW HITPOINT WARNING * * *
You hit the ogre. You burn the ogre.
You kill the ogre!
That felt strangely unrewarding.
You barely miss the two-headed ogre.
The two-headed ogre hits you with a giant club!
* * * LOW HITPOINT WARNING * * *
The two-headed ogre hits you with a giant club.
* * * LOW HITPOINT WARNING * * *
You barely miss the two-headed ogre. You barely miss the two-headed ogre.
The two-headed ogre hits you with a giant club!
You die...

##......####....P.........#.....*
#........#P...#.#.#............##
..............####....>.........#
.............## #P#.....\.....#
#....#......## ##...........O
#...####...## #P..# #..\...OO
....###.....# #...# #P.......
#...#.#.....#####...P# ##.....##
...#[#...#...##.@O.P# #......#
##..#..####........## ###%...#
##....## #.#......## #/.....
.##..## #.#.....## ###......
.....# ##.......### ###........
....P# ###.......P###.##.......
..=..#####P....#.#....รท##.#####..
.......#.##...######......# * #.
####......#....##.#.#...(.# #


You could see a two-headed ogre.

Vanquished Creatures
  A minotaur (Lab)
  A hydra (Lair:2)
  The ghost of HeyJoe the Cleaver, an experienced DDBe of Trog (Bailey)
  A hell knight (Volcano)
  5 skeletal warriors (D:10)
  A flayed ghost (D:10)
  A hill giant (D:6)
  An orc knight (Bailey)
  5 statues (Volcano)
  A griffon (Lair:3)
  An oklob plant (Lair:3)
  A toenail golem (Volcano)
  3 spiny frogs
  A fire drake (Volcano)
  Prince Ribbit (D:7)
  2 two-headed ogres
  9 blink frogs
  A centaur simulacrum (D:10)
  A hill giant zombie (D:10)
  4 fire bats (Volcano)
  6 hippogriffs
  5 yaks (Lair:3)
  10 hungry ghosts
  16 wolves
  4 porcupines
  2 sky beasts (D:8)
  Duvessa (D:7)
  4 water moccasins
  11 orc warriors
  8 phantoms
  5 ice beasts
  4 black bears
  8 ogres
  3 big kobolds
  2 crocodiles
  A necrophage (D:10)
  5 centaurs
  A wasp (Lair:3)
  12 giant frogs
  Dowan (D:7)
  5 killer bees (D:10)
  2 troll zombies (D:10)
  10 scorpions
  4 lava snakes (Volcano)
  5 crimson imps
  A jelly (D:8)
  8 orc wizards
  2 orc priests
  A centaur zombie (D:7)
  2 giant frog skeletons
  5 hounds
  8 iguanas
  4 worker ants
  An ogre zombie (D:10)
  4 sheep (Lair:2)
  2 hound zombies (D:8)
  A hound skeleton (D:8)
  11 adders
  3 gnolls (D:6)
  28 river rats
  A shadow imp (D:10)
  An ooze (D:1)
  7 worms
  2 adder zombies
  9 giant geckos
  22 orcs
  3 bat skeletons
  10 giant cockroaches
  10 goblins
  14 hobgoblins
  9 quokkas
  A ball python (Sewer)
  13 bats
  A giant cockroach zombie (D:5)
  2 giant newts
  3 goblin skeletons (D:10)
  12 jackals
  A jackal skeleton (D:4)
  35 kobolds
  2 orc skeletons (D:10)
  8 orc zombies (D:10)
  A quokka skeleton (D:9)
  21 rats
  A bush (Lair:3)
  2 fungi
  3 plants
452 creatures vanquished.

Vanquished Creatures (others)
  A hobgoblin (D:5)
  2 fungi (D:9)
  2 plants
5 creatures vanquished.

Grand Total: 457 creatures vanquished

Notes
Turn   | Place    | Note
--------------------------------------------------------------
     0 | D:1      | HeyJoe the Deep Dwarf Berserker began the quest for the Orb.
     0 | D:1      | Reached XP level 1. HP: 20/20 MP: 1/1
    92 | D:1      | Reached XP level 2. HP: 24/27 MP: 2/2
   103 | D:1      | Reached skill level 4 in Axes
   191 | D:1      | Acquired Trog's second power
   407 | D:1      | Reached XP level 3. HP: 25/33 MP: 3/3
   549 | D:2      | Reached skill level 5 in Axes
   598 | D:2      | Found a snail-covered altar of Cheibriados.
   974 | D:3      | Reached XP level 4. HP: 25/40 MP: 4/4
  1447 | D:4      | Reached skill level 6 in Axes
  1454 | D:4      | Found a glowing drain.
  1515 | Sewer    | Entered a sewer
  1535 | Sewer    | Reached XP level 5. HP: 27/46 MP: 5/5
  1809 | Sewer    | Noticed a big kobold
  1810 | Sewer    | Noticed a big kobold
  1836 | Sewer    | Killed a big kobold
  1836 | Sewer    | Reached skill level 7 in Axes
  1851 | Sewer    | Killed a big kobold
  1851 | Sewer    | Reached XP level 6. HP: 33/55 MP: 6/6
  1899 | D:4      | Found Qourgheo's Food Boutique.
  1899 | D:4      | Noticed a hungry ghost
  1922 | D:4      | Killed a hungry ghost
  1922 | D:4      | Reached skill level 8 in Axes
  2273 | D:4      | Found Wous's Distillery.
  2289 | D:4      | Bought a potion of poison for 14 gold pieces
  2289 | D:4      | Bought a potion of mutation for 35 gold pieces
  2332 | D:4      | Found a bloodstained altar of Trog.
  2485 | D:4      | Reached XP level 7. HP: 25/61 MP: 7/7
  2604 | D:4      | Found Hodim's Armour Shoppe.
  2794 | D:4      | Reached skill level 9 in Axes
  3247 | D:5      | Entered Level 5 of the Dungeon
  3295 | D:5      | Reached skill level 10 in Axes
  3297 | D:5      | Found a deep blue altar of Sif Muna.
  3450 | D:5      | Reached XP level 8. HP: 39/68 MP: 8/8
  3843 | D:6      | Noticed a hill giant
  3845 | D:6      | Acquired Trog's third power
  3852 | D:6      | Killed a hill giant
  3852 | D:6      | Reached skill level 5 in Fighting
  4593 | D:7      | Found a flagged portal.
  4620 | D:7      | Gained mutation: You passively map the area around you. [Deep Dwarf growth]
  4620 | D:7      | Reached XP level 9. HP: 55/86 MP: 9/9
  4627 | D:7      | Received a gift from Trog
  4657 | D:7      | Got a transparent hand axe
  4665 | Bailey   | Entered a bailey
  4668 | Bailey   | Identified the +7 hand axe "Tufits" {speed, rPois Int+2 Dex+3} (You found it on level 7 of the Dungeon)
  4681 | Bailey   | Noticed an orc knight
  4684 | Bailey   | Noticed HeyJoe's ghost (experienced DDBe)
  4717 | Bailey   | Reached skill level 1 in Shields
  4891 | Bailey   | Killed an orc knight
  4927 | Bailey   | Killed HeyJoe's ghost
  5053 | D:7      | Noticed Prince Ribbit
  5064 | D:7      | Killed Prince Ribbit
  5064 | D:7      | Reached skill level 10 in Fighting
  5064 | D:7      | Reached XP level 10. HP: 57/102 MP: 10/10
  5159 | D:7      | Noticed Duvessa
  5161 | D:7      | Noticed Dowan
  5168 | D:7      | Killed Duvessa
  5174 | D:7      | Killed Dowan
  5249 | D:7      | Reached skill level 11 in Axes
  5266 | D:7      | Found a staircase to the Ecumenical Temple.
  5297 | Temple   | Entered the Ecumenical Temple
  5584 | D:7      | Found Bouggi Fyngi's Distillery.
  5587 | D:7      | Bought a potion of degeneration for 12 gold pieces
  5754 | D:4      | Bought a potion of cure mutation for 490 gold pieces
  5754 | D:4      | Bought a potion of haste for 140 gold pieces
  6143 | D:8      | Found a shadowy altar of Dithmenos.
  6143 | D:8      | Found a deep blue altar of Sif Muna.
  6173 | D:8      | Found Iroeps's General Store.
  6264 | D:8      | Reached skill level 12 in Axes
  6826 | D:8      | Found a white marble altar of Elyvilon.
  6861 | D:8      | Reached skill level 13 in Axes
  6992 | D:9      | You fall through a shaft for 2 floors!
  7021 | D:11     | Noticed a cyclops
  7043 | D:11     | Found a labyrinth entrance.
  7053 | Lab      | Entered a labyrinth
  8886 | Lab      | Noticed a minotaur
  8897 | Lab      | Killed a minotaur
  8897 | Lab      | Reached XP level 11. HP: 85/108 MP: 11/11
  8902 | Lab      | Got a slimy ivory ring
  8905 | Lab      | Got a crystal falchion
  8910 | Lab      | Identified the +6 falchion "Qixigud" {slice, *Rage rPois Dex+4} (You found it in a labyrinth)
  8935 | Lab      | Identified a +1 rod of destruction (10/10) (You found it in a labyrinth)
  8936 | Lab      | Identified a +2 rod of clouds (10/10) (You found it in a labyrinth)
  8949 | Lab      | Identified the ring "Coreal" {Wiz Str+4 Int+4} (You found it in a labyrinth)
  8961 | D:11     | Noticed a cyclops
  8965 | D:11     | Reached skill level 14 in Axes
  8989 | D:10     | Entered Level 10 of the Dungeon
  9071 | D:10     | Noticed a skeletal warrior
  9089 | D:10     | Killed a skeletal warrior
  9219 | D:10     | Noticed a flayed ghost
  9231 | D:10     | Killed a flayed ghost
  9315 | D:10     | Noticed a skeletal warrior
  9317 | D:10     | Noticed a skeletal warrior
  9318 | D:10     | Noticed a skeletal warrior
  9326 | D:10     | Noticed a skeletal warrior
  9333 | D:10     | Killed a skeletal warrior
  9333 | D:10     | Reached skill level 15 in Axes
  9345 | D:10     | Killed a skeletal warrior
  9354 | D:10     | Killed a skeletal warrior
  9360 | D:10     | Killed a skeletal warrior
  9507 | D:10     | Found a staircase to the Orcish Mines.
  9510 | D:10     | Reached skill level 16 in Axes
  9645 | D:9      | Found a blossoming altar of Fedhas.
  9655 | D:9      | Found a glowing golden altar of the Shining One.
  9760 | D:9      | Found a shattered altar of Ashenzari.
  9871 | D:9      | Found a staircase to the Lair.
 10383 | Lair:1   | Entered Level 1 of the Lair of Beasts
 10471 | Lair:1   | Reached XP level 12. HP: 54/116 MP: 12/12
 10498 | Lair:1   | Reached skill level 17 in Axes
 10897 | D:7      | Bought a potion of ambrosia for 96 gold pieces
 10897 | D:7      | Bought a potion of curing for 36 gold pieces
 10897 | D:7      | Bought a potion of ambrosia for 96 gold pieces
 11419 | Lair:2   | Found a dark tunnel.
 11428 | Volcano  | Entered a volcano
 11625 | Volcano  | Reached skill level 18 in Axes
 11644 | Volcano  | Found a burning altar of Makhleb.
 11930 | Volcano  | Fell from the grace of Trog
 11934 | Volcano  | Became a worshipper of Makhleb the Destroyer
 12259 | Lair:2   | Acquired Makhleb's first power
 12455 | Lair:2   | Noticed a six-headed hydra
 12470 | Lair:2   | Killed a one-headed hydra
 12470 | Lair:2   | Reached skill level 19 in Axes
 12768 | Lair:3   | Reached skill level 1 in Invocations
 12890 | Lair:3   | Found a hole to the Spider Nest.
 12899 | Lair:3   | Paralysed by a wasp for 2 turns
 12903 | Lair:3   | Acquired Makhleb's second power
 13357 | Lair:3   | Reached XP level 13. HP: 86/123 MP: 15/15
 13504 | Lair:3   | HP: 6/123 [two-headed ogre/giant club[the rage of Trog] (2)]
 13506 | Lair:3   | Slain by a two-headed ogre

Vault maps used:
D:1:      lightli_molten_gateway
D:2:      cheibriados_altar_1
D:4:      serial_shops, nicolae_shop_scaring_up_business, shop,
          nicolae_shop_window_shopping, portal_sewer_entry_f,
          trog_butcher_becter
D:5:      basic_altar, first_bread
D:7:      minmay_temple_entry_statues_pillars, serial_shops,
          nicolae_shop_behind_doors, enter_bailey_2, grunt_ogre_cave,
          uniq_duvessa, uniq_prince_ribbit1
D:8:      forest_paths, lemuel_crystal_altar,
          gammafunk_temple_overflow_elements, serial_shops,
          kennysheep_little_box, kennysheep_boxes
D:9:      kennysheep_mini, amethyst_overflow_temple_binary,
          due_lair_maze_entry_diamond
D:10:     cheibrodos_orc_bank, zombieorc1_lemuel, kennysheep_just_a_vault
D:11:     lab_entry_generic, columned_hall_lemuel
Temple:   eino_temple_water_12
Lair:2:   nicolae_volcano_entry_lava_flow, serial_bayou_shore_b,
          lemuel_fruit_fields
Lair:3:   nicolae_spider_entry_non_spiders, dpeg_stationary_puzzle,
          serial_bayou_shore_a
Lab:      labyrinth_skeletal_remains, nicolae_lab_swirl
Sewer:    sewer_co_15_rooms
Bailey:   bailey_axe_4, bailey
Volcano:  volcano_grotto

Action                   |  1- 3 |  4- 6 |  7- 9 | 10-12 | 13-15 || total
-------------------------+-------+-------+-------+-------+-------++-------
Melee: Hand axe          |   137 |   265 |   357 |   860 |       ||  1619
       Executioner's axe |       |       |       |   125 |    15 ||   140
Invok: Trog's Hand       |     2 |     3 |    13 |    37 |       ||    55
       Berserk           |       |     1 |     3 |     8 |       ||    12
       Minor Destruction |       |       |       |     3 |       ||     3
       Brothers in Arms  |       |       |       |     3 |       ||     3
       Burn Spellbooks   |       |       |       |     1 |       ||     1
       Renounce Religion |       |       |       |     1 |       ||     1
Evoke: Wand              |       |       |     5 |    13 |     1 ||    19
       Rod               |       |       |       |     2 |       ||     2
  Use: Scroll            |       |    15 |       |     7 |       ||    22
       Potion            |       |       |     1 |     8 |       ||     9
 Stab: Confused          |       |       |       |     1 |       ||     1
       Fleeing           |       |       |       |     1 |       ||     1
  Eat: Chunk             |     1 |     7 |    14 |    27 |       ||    49
       Beef jerky        |       |     1 |       |     7 |       ||     8
       Fruit             |       |       |       |     7 |       ||     7
